 Dungeon Crawl Stone Soup version 0.30.0-10-gfe55d96785 (webtiles) character file.

Game seed: 1875980366633206309

143 Byczy the Chopper (level 5, 0/38 HPs)
             Began as a Vampire Gladiator on May 15, 2023.
             Was an Initiate of Trog.
             Slain by a goblin
             ... wielding a +0 dagger
              (1 damage)
             ... on level 4 of the Dungeon.
             The game lasted 00:04:39 (2499 turns).

Byczy the Chopper (Vampire Gladiator)               Turns: 2499, Time: 00:04:40

Health: 0/38       AC: 11    Str: 15    XL:     5   Next: 4%
Magic:  14/14      EV:  5    Int: 11    God:    Trog [......]
Gold:   202        SH:  0    Dex: 15    Spells: 4/4 levels left

rFire   . . .        a - +0 war axe
rCold   . . .        (no shield)
rNeg    . . .        j - +0 plate armour
rPois   .            c - +0 helmet
rElec   .            (no cloak)
rCorr   .            (no gloves)
SInv    +            (no boots)
Will    .....        (no amulet) Stlth
                     p - ring of magical power
HPRegen 0.46/turn    (no ring)
MPRegen 0.14/turn

%: no passive effects
@: lethally poisoned (0 -> -3), healing quickly
A: alive, fangs 3, see invisible, vampiric 2
a: Exsanguinate, Renounce Religion


You were on level 4 of the Dungeon.
You worshipped Trog.
Trog was noncommittal.
You visited 1 branch of the dungeon, and saw 4 of its levels.

You collected 202 gold pieces.

Inventory:

Hand Weapons
 a - a +0 war axe (weapon)
 n - a +1 dagger of flaming
Missiles
 d - 3 throwing nets (quivered)
 e - a javelin
Armour
 b - a +0 leather armour
 c - a +0 helmet (worn)
 i - a +0 ring mail
 j - a +0 plate armour (worn)
 s - a +0 ring mail
Jewellery
 p - a ring of magical power (left hand)
Scrolls
 h - a scroll of vulnerability {unknown}
 l - a scroll of magic mapping {unknown}
 m - a scroll of identify {unknown}
 r - a scroll of fog {unknown}
Potions
 f - 2 potions of might {unknown}
 g - 3 potions of haste {unknown}
 k - 2 potions of flight {unknown}
 o - 2 potions of curing {unknown}
 q - a potion of invisibility {unknown}


   Skills:
 + Level 2.0 Fighting
 + Level 4.2 Axes
 + Level 1.9 Throwing
 + Level 1.4 Armour
 + Level 3.7 Dodging
 + Level 0.1 Stealth


You had 4 spell levels left.
You didn't know any spells.
Your spell library contained the following spells:

 Spells                   Type           Power      Damage    Failure   Level
 Apportation              Tloc           0%         N/A       100%        1
 Freeze                   Ice            0%         1d3       100%        1
 Frozen Ramparts          Ice            0%         1d1       100%        3
 Hailstorm                Conj/Ice       0%         3d3       100%        3
 Alistair's Intoxication  Tmut/Pois      0%         N/A       100%        5


Dungeon Overview and Level Annotations

Branches:
Dungeon (4/15)
 Temple: D:4-7

Altars:
Ashenzari
Qazlal
Trog


Innate Abilities, Weirdness & Mutations

Your natural rate of healing is accelerated.
You have razor-sharp teeth.
You have supernaturally acute eyesight. (SInv)
You are afflicted with vampirism and can become a bat while bloodless.


Message History

The scorpion barely misses you.
You closely miss the scorpion.
The scorpion is severely wounded.
You hit the adder.
You feel very sick. The adder bites you. The scorpion stings you.
The adder bites you but does no damage.
You completely miss the scorpion.
The scorpion is severely wounded.
You hit the adder but do no damage.
You feel very sick.
The scorpion stings you but does no damage.
The adder barely misses you. The scorpion stings you.
* * * LOW HITPOINT WARNING * * *
The adder bites you but does no damage.
The goblin unwields a +0 dagger.
The goblin wields a +0 sling.
The goblin shoots a sling bullet.
The sling bullet hits you but does no damage.
You feel sick. The adder barely misses you. The scorpion barely misses you.
You begin bloodletting.
You continue bloodletting.
You feel sick. The adder bites you.
Keep bloodletting? [Y]es or [N]o only, please.
Keep bloodletting?
* * * LOW HITPOINT WARNING * * *
You are lethally poisoned!
The adder poisons you!
The goblin shoots a sling bullet.
The sling bullet hits you but does no damage.
The scorpion stings you but does no damage.
You continue bloodletting.
* * * LOW HITPOINT WARNING * * *
You feel sick. The adder bites you but does no damage. The scorpion stings you.
* * * LOW HITPOINT WARNING * * *
The adder bites you but does no damage.
You continue bloodletting.
* * * LOW HITPOINT WARNING * * *
You feel sick.
The scorpion stings you but does no damage.
The goblin unwields a +0 sling.
The goblin wields a +0 dagger.
The goblin hits you with a +0 dagger.
You die...

....# .....# ..[...
......# ### .(.....
..# ......<##.## ..
......sg#..# ...
...##@...## ....
#....S.....#####....
##...###......#....
# #....
##..#.....##.. #....
###....##.... .....
#......#..# ....
#....##.....### ....
#.### ###.....# [.
#.<...#


You could see a scorpion, an adder and a goblin.

Vanquished Creatures
  A scorpion (D:4)
  2 adders (D:2)
  2 worms
  3 dart slugs
  3 orcs
  3 ball pythons
  5 bats
  6 endoplasms
  3 giant cockroaches
  5 goblins
  4 hobgoblins
  3 quokkas (D:1)
  2 frilled lizards
  2 kobolds
  4 rats
48 creatures vanquished.

Vanquished Creatures (others)
  A wizard (D:3)
1 creature vanquished.

Grand Total: 49 creatures vanquished

Notes
Turn   | Place    | Note
-------+----------+-------------------------------------------
     0 | D:1      | Byczy the Vampire Gladiator began the quest for the Orb.
     0 | D:1      | Reached XP level 1. HP: 16/16 MP: 1/1
    91 | D:1      | Reached XP level 2. HP: 15/22 MP: 2/2
   156 | D:1      | Reached skill level 3 in Axes
   907 | D:2      | Gained mutation: You are afflicted with vampirism and can
                  | become a bat while bloodless. [Vampire growth]
   907 | D:2      | Reached XP level 3. HP: 27/27 MP: 3/3
  1579 | D:3      | Reached XP level 4. HP: 33/33 MP: 4/4
  1695 | D:3      | Found a faded altar of an unknown god.
  1875 | D:3      | Found a stormy altar of Qazlal.
  1952 | D:3      | Found a broken altar of Ashenzari.
  2352 | D:3      | Found a bloodstained altar of Trog.
  2353 | D:3      | Noticed a wizard
  2358 | D:3      | Became a worshipper of Trog the Wrathful
  2358 | D:3      | Killed a wizard
  2396 | D:4      | Noticed a scorpion
  2405 | D:4      | Killed a scorpion
  2406 | D:4      | Reached skill level 4 in Axes
  2406 | D:4      | Reached skill level 1 in Armour
  2406 | D:4      | Reached XP level 5. HP: 25/38 MP: 5/5
  2422 | D:4      | Noticed an ogre
  2499 | D:4      | HP: 1/38 [poisoned by an adder]
  2499 | D:4      | Slain by a goblin

Illustrated notes

Levels and vault maps discovered:
D:1:      dpeg_arrival_simpleton_c, layout_loops_ring
D:2:      layout_basic, minmay_tiny_reverse_x
D:3:      layout_basic, nicolae_overflow_crystal_walls, trog_wizard,
          cheibrodos_ashenzari_chains, basic_ecumenical_altar,
          minmay_misc_feat_ornament, nicolae_titane
D:4:      layout_rooms, serial_shops, shop, enter_ossuary_5,
          minmay_misc_feat_iff, hangedman_abyss_or_decor_stagger

Skill      XL: |  1  2  3  4 |
---------------+-------------+-----
Axes           | 3 4 |  4.2
Fighting       | 2 |  2.0
Armour         | 1 |  1.4
Throwing       | |  1.9
Dodging        | |  3.7
Stealth        | |  0.1

Action                     |  1- 3 |  4- 6 || total
---------------------------+-------+-------++-------
  Melee: War axe           |    91 |    32 ||   123
         Bite              |     8 |     6 ||    14
         Punch             |     1 |       ||     1
Ability: Exsanguinate      |       |     1 ||     1
 Armour: Leather armour    |    16 |       ||    16
         Plate armour      |    38 |    28 ||    66
  Dodge: Dodged            |    42 |    13 ||    55
